 Dungeon Sprint DCSS version 0.28-a0-730-g892d06dc2c (webtiles) character file.

Game seed: 18280191892228242563

10 Rocko1345 the Chopper (level 2, -3/23 HPs)
             Began as a Demonspawn Gladiator on Oct 28, 2021.
             Killed from afar by an oklob sapling (26 damage)
             ... with a splash of acid
             ... in the Dungeon (Sprint IV: "Fedhas' Mad Dash").
             The game lasted 00:01:05 (282 turns).

Rocko1345 the Chopper (Demonspawn Gladiator)         Turns: 282, Time: 00:01:06

Health: -3/23      AC:  4    Str: 14    XL:     2   Next: 10%
Magic:  2/2        EV: 12    Int:  9    God:
Gold:   0          SH:  0    Dex: 14    Spells: 1/1 levels left

rFire   . . .      SeeInvis .   a - +0 war axe
rCold   . . .      Faith    .   (no shield)
rNeg    . . .      Spirit   .   b - +0 leather armour
rPois   .          Reflect  .   c - +0 helmet
rElec   .          Harm     .   (no cloak)
rCorr   .          Rampage  .   (no gloves)
Will    .....      NoTele   +   (no boots)
Stlth   +.........              (no amulet)
HPRegen 0.07/turn               (no ring)
MPRegen 0.08/turn               (no ring)

@: hasted, very quick
A: sanguine armour 1
a: no special abilities


You were in the Dungeon.
You visited 1 branch

Inventory:

Hand Weapons
 a - a +0 war axe (weapon)
Missiles
 d - 3 throwing nets (quivered)
Armour
 b - a +0 leather armour (worn)
 c - a +0 helmet (worn)
Scrolls
 j - a scroll of blinking
Potions
 e - a potion of curing
 h - 2 potions of magic
 i - a potion of berserk rage


   Skills:
 + Level 2.3 Fighting
 + Level 3.7 Axes
 + Level 2.1 Throwing
 + Level 3.5 Dodging


You had one spell level left.
You didn't know any spells.
Your spell library was empty.

Dungeon Overview and Level Annotations

Branches:
Dungeon (1/1)

Altars:

Annotations:
D exclusion: oklob sapling


Innate Abilities, Weirdness & Mutations

When seriously injured, your bleeding wounds create armour. (AC +0)


Message History

You see here a +0 rapier.
There is an open door here.
There is an open door here.
You see here a +0 rapier.
You start resting.
Your blood armour dries and flakes away.
You start resting.
HP restored.
You start waiting.
Done waiting.
You open the door.
An oklob sapling comes into view.
Marking area around an oklob sapling as unsafe for travelling.
Found 36 gold pieces.
Unknown command.
Really walk into a travel-excluded area? [Y]es or [N]o only, please.
Really walk into a travel-excluded area? [Y]es or [N]o only, please.
Really walk into a travel-excluded area? [Y]es or [N]o only, please.
Really walk into a travel-excluded area? [Y]es or [N]o only, please.
Really walk into a travel-excluded area?
Okay, then.
You feel yourself speed up.
Really walk into a travel-excluded area?
There is an open door here.
You hit the oklob sapling.
The oklob sapling is lightly damaged.
You hit the oklob sapling.
The oklob sapling is moderately damaged.
You hit the oklob sapling but do no damage.
The oklob sapling is moderately damaged.
You hit the oklob sapling but do no damage.
The oklob sapling is moderately damaged.
The oklob sapling spits acid at you. The splash of acid hits you!!
Ouch! That really hurt!
You die...

##################
#<...#.....#.$$$$#
#....'.)...'@#
#P...#.....#P#
##############


You could see an oklob sapling.

Vanquished Creatures
  A river rat (D)
  A rat (D)
2 creatures vanquished.

Vanquished Creatures (others)
  6 fungi (D)
6 creatures vanquished.

Grand Total: 8 creatures vanquished

Notes
Turn   | Place    | Note
-------+----------+-------------------------------------------
     0 | D        | Rocko1345 the Demonspawn Gladiator began the quest for the
                  | Orb.
     0 | D        | Reached XP level 1. HP: 16/16 MP: 1/1
    28 | D        | Gained mutation: When seriously injured, your bleeding
                  | wounds create armour. (AC +0) [demonic ancestry]
    28 | D        | Reached XP level 2. HP: 13/23 MP: 2/2
   263 | D        | Noticed an oklob sapling
   282 | D        | Killed from afar by an oklob sapling

Illustrated notes

Levels and vault maps discovered:
D:        dungeon_sprint_fedhas [sprint_temple]

Skill      XL: |  1 |
---------------+----+-----
Axes           | 3 |  3.7
Throwing       | 2 |  2.1
Dodging        | 3 |  3.5
Fighting       | |  2.3

Action                   || total
-------------------------++-------
Melee: War axe           ||    14
  Use: Potion            ||     2
Armor: Leather armour    ||     1
Dodge: Dodged            ||     5

Table legend: (Time is in decaauts)
 A = Elapsed time spent in this place.
 B = Non-inter-level travel time spent in this place.
 C = Inter-level travel time spent in this place.
 D = Time resting spent in this place.
 E = Time spent auto-exploring this place.
 F = Levels seen in this place.
 G = Mean time per level.
                   A        B        C        D        E       F      G
               +--------+--------+--------+--------+--------+-----+--------+
         Total |    284 |    284 |      0 |    217 |      0 |   1 |  284.0 |
       Dungeon |    284 |    284 |      0 |    217 |      0 |   1 |  284.0 |
               +--------+--------+--------+--------+--------+-----+--------+

Top non-repeatable levels by time:
       D: 284 daAuts
